| TOP OF THE 1ST |
|
Ogden Raptors batting - Pitching for Kingsport Mets : LHP Ronnie Stoll
|
|
Pitching: LHP Ronnie Stoll
|
|
|
Batting: SHB Alex Noval
|
0-0: Ball 1-0: Called Strike 1-1: Swinging Strike 1-2: Foul Ball, location: 2F 1-2: Foul Ball, location: 2F 1-2: Ball 2-2: SINGLE (Flyball, 5D, EV 93.8 MPH)
|
|
Batting: SHB Erick Hamburger
|
0-0: SINGLE (Groundball, 6MD, EV 96.2 MPH) Alex Noval to second Runner from 2nd tries for 3rd, SAFE, throw by CF made to third
|
|
Batting: LHB Pedro Garza
|
0-0: Ball 1-0: Swinging Strike 1-1: Swinging Strike 1-2: Foul Ball, location: 2F 1-2: Fly out, F7 (Flyball, 7S, EV 92.5 MPH)
|
|
Batting: RHB Adam Maczko
|
0-0: Called Strike Erick Hamburger is caught stealing 2nd base 2-4 0-1: Ball 1-1: Swinging Strike 1-2: Ground out 6-3 (Groundball, 4M, EV 86.9 MPH)
|
| Top of the 1st over - 0 runs, 2 hits, 0 errors, 1 left on base; Ogden 0 - Kingsport 0 |
| BOTTOM OF THE 1ST |
|
Kingsport Mets batting - Pitching for Ogden Raptors : LHP Antonio Sandoval
|
|
Pitching: LHP Antonio Sandoval
|
|
|
Batting: RHB Craig Alvarado
|
0-0: Ball 1-0: Bunted foul 1-1: Ball 2-1: Fly out, F9 (Flyball, 9LMF, EV 79.4 MPH)
|
|
Batting: RHB Warren Carmichael
|
0-0: Called Strike 0-1: Called Strike 0-2: Strikes out swinging
|
|
Batting: RHB Eric Zylstra
|
0-0: Ball 1-0: Ball 2-0: Ball 3-0: Base on Balls
|
|
Batting: RHB Dan Muse
|
0-0: Ball Eric Zylstra is caught stealing 2nd base 2-4
|
| Bottom of the 1st over - 0 runs, 0 hits, 0 errors, 0 left on base; Ogden 0 - Kingsport 0 |
| TOP OF THE 2ND |
|
Ogden Raptors batting - Pitching for Kingsport Mets : LHP Ronnie Stoll
|
|
Batting: LHB Fernão Manta
|
0-0: Ball 1-0: Ball 2-0: Called Strike 2-1: Foul Ball, location: 2F 2-2: Ball 3-2: Fly out, F3 (Popup, 3, EV 76.9 MPH)
|
|
Batting: RHB Felipe Rivera
|
0-0: Ball 1-0: Ball 2-0: Called Strike 2-1: Foul Ball, location: 2F 2-2: Foul Ball, location: 2F 2-2: Fly out, F9 (Line Drive, 89M, EV 105.0 MPH)
|
|
Batting: RHB Brad Brady
|
0-0: Ball 1-0: Ball 2-0: Ball 3-0: Base on Balls
|
|
Batting: RHB Kekoa Kahele
|
0-0: Ball 1-0: Ball 2-0: Foul Ball, location: 2F 2-1: Fly out, F8 (Flyball, 8RXD, EV 106.9 MPH)
|
| Top of the 2nd over - 0 runs, 0 hits, 0 errors, 1 left on base; Ogden 0 - Kingsport 0 |
| BOTTOM OF THE 2ND |
|
Kingsport Mets batting - Pitching for Ogden Raptors : LHP Antonio Sandoval
|
|
Batting: RHB Dan Muse
|
0-0: Foul Ball, location: 2F 0-1: Foul Ball, location: 2F 0-2: Foul Ball, location: 2F 0-2: Ball 1-2: Ball 2-2: Foul Ball, location: 2F 2-2: Foul Ball, location: 2F 2-2: Ground out 3-1 (Groundball, 34S, EV 82.5 MPH)
|
|
Batting: RHB Juan Medina
|
0-0: Ball 1-0: Ball 2-0: Ground out 5-3 (Groundball, 56, EV 88.1 MPH)
|
|
Batting: RHB Artyom Shavkunov
|
0-0: Swinging Strike 0-1: Ball 1-1: Foul Ball, location: 2F 1-2: TRIPLE (Flyball, 78XD, EV 91.9 MPH)
|
|
Batting: RHB Coltin Nellis
|
0-0: Called Strike 0-1: Ball 1-1: Ball 2-1: Ball 3-1: Foul Ball, location: 2F 3-2: 2-RUN HOME RUN (Flyball, 89XD, EV 102.5 MPH), Distance : 403 ft
|
|
Batting: RHB Kyle Verkamp
|
0-0: Foul Ball, location: 2F 0-1: Ball 1-1: Reached on error, E3 (Groundball, 3, EV 103.1 MPH)
|
|
Batting: LHB Rick Vallis
|
0-0: Called Strike 0-1: Foul Ball, location: 2F 0-2: Ball 1-2: Foul Ball, location: 2F 1-2: Strikes out looking
|
| Bottom of the 2nd over - 2 runs, 2 hits, 1 error, 1 left on base; Ogden 0 - Kingsport 2 |
| TOP OF THE 3RD |
|
Ogden Raptors batting - Pitching for Kingsport Mets : LHP Ronnie Stoll
|
|
Batting: RHB Will Barksdale
|
0-0: Ball 1-0: Ground out 6-3 (Groundball, 6, EV 90.6 MPH)
|
|
Batting: SHB Alex Noval
|
0-0: Ball 1-0: Ground out 5-3 (Groundball, 56, EV 84.4 MPH)
|
|
Batting: SHB Erick Hamburger
|
0-0: Called Strike 0-1: Foul Ball, location: 2F 0-2: Strikes out swinging
|
| Top of the 3rd over - 0 runs, 0 hits, 0 errors, 0 left on base; Ogden 0 - Kingsport 2 |
| BOTTOM OF THE 3RD |
|
Kingsport Mets batting - Pitching for Ogden Raptors : LHP Antonio Sandoval
|
|
Batting: RHB Craig Alvarado
|
0-0: Ball 1-0: Swinging Strike 1-1: Ball 2-1: Ball 3-1: Called Strike 3-2: Strikes out looking
|
|
Batting: RHB Warren Carmichael
|
0-0: Swinging Strike 0-1: Foul Ball, location: 2F 0-2: Fly out, F9 (Flyball, 9, EV 91.9 MPH)
|
|
Batting: RHB Eric Zylstra
|
0-0: Ground out 4-3 (Groundball, 4, EV 81.9 MPH)
|
| Bottom of the 3rd over - 0 runs, 0 hits, 0 errors, 0 left on base; Ogden 0 - Kingsport 2 |
| TOP OF THE 4TH |
|
Ogden Raptors batting - Pitching for Kingsport Mets : LHP Ronnie Stoll
|
|
Batting: LHB Pedro Garza
|
0-0: Called Strike 0-1: Foul Ball, location: 2F 0-2: Ball 1-2: Strikes out swinging
|
|
Batting: RHB Adam Maczko
|
0-0: Swinging Strike 0-1: Swinging Strike 0-2: Strikes out looking
|
|
Pitching: LHP Antonio Davila
|
|
|
Batting: LHB Fernão Manta
|
0-0: Ball 1-0: Foul Ball, location: 2F 1-1: DOUBLE (Line Drive, 89D, EV 105.0 MPH)
|
|
Batting: RHB Felipe Rivera
|
0-0: Called Strike 0-1: Ball 1-1: Foul Ball, location: 2F 1-2: Ball 2-2: Strikes out swinging
|
| Top of the 4th over - 0 runs, 1 hit, 0 errors, 1 left on base; Ogden 0 - Kingsport 2 |
| BOTTOM OF THE 4TH |
|
Kingsport Mets batting - Pitching for Ogden Raptors : LHP Antonio Sandoval
|
|
Batting: RHB Dan Muse
|
0-0: Ball 1-0: Called Strike 1-1: Swinging Strike 1-2: Ball 2-2: Strikes out swinging
|
|
Batting: RHB Juan Medina
|
0-0: Ball 1-0: Foul Ball, location: 2F 1-1: Called Strike 1-2: Strikes out swinging
|
|
Batting: RHB Artyom Shavkunov
|
0-0: Ball 1-0: Ground out U3 (Groundball, 34, EV 108.1 MPH)
|
| Bottom of the 4th over - 0 runs, 0 hits, 0 errors, 0 left on base; Ogden 0 - Kingsport 2 |
| TOP OF THE 5TH |
|
Ogden Raptors batting - Pitching for Kingsport Mets : LHP Antonio Davila
|
|
Batting: RHB Brad Brady
|
0-0: SINGLE (Line Drive, 6D, EV 97.5 MPH)
|
|
Batting: RHB Kekoa Kahele
|
0-0: Called Strike 0-1: Ball 1-1: Grounds into double play, 4-6-3 (Groundball, 4S, EV 83.1 MPH)
|
|
Batting: RHB Will Barksdale
|
0-0: Ball 1-0: Swinging Strike 1-1: Ground out 5-3 (Groundball, 56, EV 85.6 MPH)
|
| Top of the 5th over - 0 runs, 1 hit, 0 errors, 0 left on base; Ogden 0 - Kingsport 2 |
| BOTTOM OF THE 5TH |
|
Kingsport Mets batting - Pitching for Ogden Raptors : LHP Antonio Sandoval
|
|
Batting: RHB Coltin Nellis
|
0-0: Foul Ball, location: 2F 0-1: Ball 1-1: Called Strike 1-2: Ground out 4-3 (Groundball, 4, EV 83.1 MPH)
|
|
Batting: RHB Kyle Verkamp
|
0-0: Ground out 2-3 (Groundball, 13S, EV 68.8 MPH)
|
|
Batting: LHB Rick Vallis
|
0-0: Ball 1-0: Ball 2-0: Foul Ball, location: 2F 2-1: Foul Ball, location: 2F 2-2: Ball 3-2: Foul Ball, location: 2F 3-2: Foul Ball, location: 2F 3-2: Foul Ball, location: 2F 3-2: Strikes out swinging
|
| Bottom of the 5th over - 0 runs, 0 hits, 0 errors, 0 left on base; Ogden 0 - Kingsport 2 |
| TOP OF THE 6TH |
|
Ogden Raptors batting - Pitching for Kingsport Mets : LHP Antonio Davila
|
|
Batting: SHB Alex Noval
|
0-0: Ball 1-0: Ground out 4-3 (Groundball, 34, EV 105.6 MPH)
|
|
Batting: SHB Erick Hamburger
|
0-0: Ball 1-0: Called Strike 1-1: Foul Ball, location: 2F 1-2: Foul Ball, location: 2F 1-2: Ground out 4-3 (Groundball, 4, EV 105.0 MPH)
|
|
Batting: LHB Pedro Garza
|
0-0: Called Strike 0-1: Called Strike 0-2: Ball 1-2: Ball 2-2: Ball 3-2: Foul Ball, location: 2F 3-2: Foul Ball, location: 2F 3-2: SOLO HOME RUN (Flyball, 9LD, EV 89.4 MPH), Distance : 335 ft
|
|
Batting: RHB Adam Maczko
|
0-0: Ball 1-0: Foul Ball, location: 2F 1-1: Foul Ball, location: 2F 1-2: Ball 2-2: Ball 3-2: Base on Balls
|
|
Pitching: RHP Frank Emery
|
|
|
Batting: LHB Fernão Manta
|
0-0: Swinging Strike 0-1: Called Strike Adam Maczko is caught stealing 2nd base 2-6
|
| Top of the 6th over - 1 run, 1 hit, 0 errors, 0 left on base; Ogden 1 - Kingsport 2 |
| BOTTOM OF THE 6TH |
|
Kingsport Mets batting - Pitching for Ogden Raptors : LHP Antonio Sandoval
|
|
Batting: RHB Craig Alvarado
|
0-0: SINGLE (Line Drive, 7LS, EV 90.0 MPH)
|
|
Batting: RHB Warren Carmichael
|
0-0: DOUBLE (Line Drive, 9LM, EV 110.0 MPH) Craig Alvarado to third Runner from 3rd tries for Home, throw by RF and OUT! 9-4-2
|
|
Batting: RHB Eric Zylstra
|
0-0: Ball 1-0: Ball 2-0: Called Strike 2-1: Ball 3-1: SINGLE (Groundball, 6S, EV 73.1 MPH) (infield hit) Warren Carmichael to third
|
|
Batting: RHB Dan Muse
|
0-0: Ball 1-0: Called Strike 1-1: Called Strike 1-2: Foul Ball, location: 2F 1-2: Foul Ball, location: 2F 1-2: Ball 2-2: Foul Ball, location: 2F 2-2: Strikes out looking Eric Zylstra steals 2nd base Batter strikes out.
|
|
Pitching: LHP Brian Gardner
|
|
|
Batting: RHB Juan Medina
|
0-0: Fly out, F8 (Flyball, 8RXD, EV 82.5 MPH)
|
| Bottom of the 6th over - 0 runs, 3 hits, 0 errors, 2 left on base; Ogden 1 - Kingsport 2 |
| TOP OF THE 7TH |
|
Ogden Raptors batting - Pitching for Kingsport Mets : RHP Frank Emery
|
|
Batting: LHB Fernão Manta
|
0-0: Ball 1-0: Called Strike 1-1: Ball 2-1: Ball 3-1: Base on Balls
|
|
Batting: RHB Felipe Rivera
|
0-0: Ball 1-0: Ball 2-0: Foul Ball, location: 2F 2-1: DOUBLE (Groundball, 5L, EV 106.2 MPH) Fernão Manta to third
|
|
Batting: RHB Brad Brady
|
0-0: Ball 1-0: Ball 2-0: Ball 3-0: Called Strike 3-1: Foul Ball, location: 2F 3-2: Base on Balls
|
|
Pinch Hitting: SHB Javy Franco
|
0-0: Called Strike 0-1: Ball 1-1: Ball 2-1: Called Strike 2-2: Ball 3-2: Foul Ball, location: 2F 3-2: Base on Balls Fernão Manta scores Felipe Rivera to third Brad Brady to second
|
|
Batting: RHB Will Barksdale
|
0-0: Ball 1-0: Ball 2-0: SINGLE (Groundball, 6MD, EV 95.0 MPH) Felipe Rivera scores Brad Brady to third Javy Franco to second
|
|
Batting: SHB Alex Noval
|
0-0: Called Strike 0-1: Foul Ball, location: 2F 0-2: DOUBLE (Line Drive, 7LD, EV 108.1 MPH) Brad Brady scores Javy Franco scores Will Barksdale to third
|
|
Pitching: RHP Antonio Reyes
|
|
|
Batting: SHB Erick Hamburger
|
0-0: Ball 1-0: Ball 2-0: Fly out, F3 (Popup, 3SF, EV 63.8 MPH)
|
|
Batting: LHB Pedro Garza
|
0-0: Foul Ball, location: 2F 0-1: Ball 1-1: Ball 2-1: SINGLE (Groundball, 4M, EV 94.4 MPH) Will Barksdale scores Alex Noval to third Runner from 3rd tries for Home, throw by CF and OUT! 8-2
|
|
Batting: RHB Adam Maczko
|
0-0: Ball 1-0: Ball 2-0: Swinging Strike 2-1: Ground out 3-1 (Groundball, 34, EV 79.4 MPH)
|
| Top of the 7th over - 5 runs, 4 hits, 0 errors, 1 left on base; Ogden 6 - Kingsport 2 |
| BOTTOM OF THE 7TH |
|
Kingsport Mets batting - Pitching for Ogden Raptors : LHP Brian Gardner
|
|
Now in RF: Chad Rojas
|
|
|
Batting: RHB Artyom Shavkunov
|
0-0: Ground out 6-3 (Groundball, 4MS, EV 85.0 MPH)
|
|
Batting: RHB Coltin Nellis
|
0-0: Ground out 4-3 (Groundball, 4, EV 82.5 MPH)
|
|
Batting: RHB Kyle Verkamp
|
0-0: Ground out 5-3 (Groundball, 56, EV 107.5 MPH)
|
| Bottom of the 7th over - 0 runs, 0 hits, 0 errors, 0 left on base; Ogden 6 - Kingsport 2 |
| TOP OF THE 8TH |
|
Ogden Raptors batting - Pitching for Kingsport Mets : RHP Antonio Reyes
|
|
Batting: LHB Fernão Manta
|
0-0: Ball 1-0: Called Strike 1-1: Called Strike 1-2: Strikes out swinging
|
|
Batting: RHB Felipe Rivera
|
0-0: Ball 1-0: Foul Ball, location: 2F 1-1: Foul Ball, location: 2F 1-2: Ground out 6-3 (Groundball, 6, EV 103.1 MPH)
|
|
Batting: RHB Brad Brady
|
0-0: Called Strike 0-1: Swinging Strike 0-2: Hit by Pitch
|
|
Batting: RHB Chad Rojas
|
0-0: Called Strike 0-1: Called Strike 0-2: Ball 1-2: Strikes out swinging
|
| Top of the 8th over - 0 runs, 0 hits, 0 errors, 1 left on base; Ogden 6 - Kingsport 2 |
| BOTTOM OF THE 8TH |
|
Kingsport Mets batting - Pitching for Ogden Raptors : LHP Brian Gardner
|
|
Batting: LHB Rick Vallis
|
0-0: Ball 1-0: Ball 2-0: Swinging Strike 2-1: Foul Ball, location: 2F 2-2: Strikes out swinging
|
|
Batting: RHB Craig Alvarado
|
0-0: Ball 1-0: Fly out, F4 (Popup, 4S, EV 55.6 MPH)
|
|
Batting: RHB Warren Carmichael
|
0-0: Ball 1-0: Ball 2-0: Ball 3-0: Called Strike 3-1: Base on Balls
|
|
Batting: RHB Eric Zylstra
|
0-0: Ball 1-0: Foul Ball, location: 2F 1-1: Foul Ball, location: 2F 1-2: Ball 2-2: Ground out 4-3 (Groundball, 4MS, EV 88.1 MPH)
|
| Bottom of the 8th over - 0 runs, 0 hits, 0 errors, 1 left on base; Ogden 6 - Kingsport 2 |
| TOP OF THE 9TH |
|
Ogden Raptors batting - Pitching for Kingsport Mets : RHP Antonio Reyes
|
|
Batting: RHB Will Barksdale
|
0-0: Called Strike 0-1: Ball 1-1: Ball 2-1: Ball 3-1: Called Strike 3-2: Ground out 4-3 (Groundball, 4, EV 102.5 MPH)
|
|
Pitching: LHP Bryce Anderson
|
|
|
Batting: SHB Alex Noval
|
0-0: Called Strike 0-1: Ball 1-1: Foul Ball, location: 2F 1-2: Strikes out looking
|
|
Batting: SHB Erick Hamburger
|
0-0: Foul Ball, location: 2F 0-1: Ball 1-1: Ball 2-1: Ground out 3-1 (Groundball, 34, EV 83.1 MPH)
|
| Top of the 9th over - 0 runs, 0 hits, 0 errors, 0 left on base; Ogden 6 - Kingsport 2 |
| BOTTOM OF THE 9TH |
|
Kingsport Mets batting - Pitching for Ogden Raptors : LHP Brian Gardner
|
|
Pitching: RHP Austin Miller
|
|
|
Batting: RHB Dan Muse
|
0-0: Foul Ball, location: 2F 0-1: Foul Ball, location: 2F 0-2: Foul Ball, location: 2F 0-2: Ground out 5-3 (Groundball, 5, EV 88.1 MPH)
|
|
Batting: RHB Juan Medina
|
0-0: Ball 1-0: Ball 2-0: Called Strike 2-1: Called Strike 2-2: Strikes out swinging
|
|
Batting: RHB Artyom Shavkunov
|
0-0: Called Strike 0-1: Ground out 6-3 (Groundball, P, EV 85.6 MPH)
|
| Bottom of the 9th over - 0 runs, 0 hits, 0 errors, 0 left on base; Ogden 6 - Kingsport 2 |
|